 Dungeon Crawl Stone Soup version 0.18.1-48-g4cf74bf (webtiles) character file.

25 kosy22 the Caller (level 3, 0/19 HPs)
             Began as a Tengu Summoner on Aug 18, 2016.
             Succumbed to an adder's poison
             ... on level 2 of the Dungeon.
             The game lasted 00:08:13 (953 turns).

kosy22 the Caller (Tengu Summoner)                   Turns: 953, Time: 00:08:14

Health: 0/19       AC:  2    Str:  8    XL:     3   Next: 4%
Magic:  2/7        EV: 13    Int: 16    God:
Gold:   51         SH:  0    Dex: 14    Spells: 2 memorised, 3 levels left

rFire  . . .     SeeInvis .     (no weapon)
rCold  . . .     Gourm    .     a - +0 robe
rNeg   . . .     Faith    .     (no shield)
rPois  .         Spirit   .     (helmet restricted)
rElec  .         Dismiss  .     (no cloak)
rCorr  .         Reflect  .     (no gloves)
SustAt .         Harm     .     (boots unavailable)
MR     .....                    (no amulet)
Stlth  ++........               (no ring)
                                (no ring)

@: lethally poisoned (0 -> -3), not resistant to hostile enchantments,
unstealthy
A: beak, talons 3
a: no special abilities


You were on level 2 of the Dungeon.
You were not hungry.

You visited 1 branch of the dungeon, and saw 2 of its levels.

You collected 51 gold pieces.

Inventory:

Armour
 a - a +0 robe (worn)
Scrolls
 g - a scroll of teleportation
Potions
 d - a potion of cure mutation {unknown}
 e - 2 potions of haste {unknown}
Books
 b - a book of Callings

   Spells                             Type                      Level
   a - Summon Small Mammal            Summoning                    1
   b - Call Imp                       Summoning                    2
   c - Call Canine Familiar           Summoning                    3
   d - Summon Guardian Golem          Hexes/Summoning              3
   e - Summon Lightning Spire         Summoning/Air                4
   f - Summon Ice Beast               Ice/Summoning                4
Comestibles
 c - 2 bread rations
 f - 4 chunks of flesh


   Skills:
 + Level 2.5 Dodging
 + Level 2.0 Stealth
 + Level 2.4 Spellcasting
 + Level 5.3 Summonings


You had 3 spell levels left.
You knew the following spells:

 Your Spells              Type           Power        Failure   Level  Hunger
a - Summon Small Mammal   Summ           ###.         2%          1    #......
b - Call Imp              Summ           ###.....     4%          2    ###....


Dungeon Overview and Level Annotations

Branches:
Dungeon (2/15)

Altars:

Annotations:
D:2 Ijyb, Natasha


Innate Abilities, Weirdness & Mutations

You have a beak for a mouth.
You have claws for feet.


Message History

You swap places.
Your bat closely misses the adder.
The adder bites your bat.
Your crimson imp misses the adder.
Ijyb misses your white imp.
Your white imp misses Ijyb.
* * * LOW HITPOINT WARNING * * *
You feel sick.
Your bat barely misses the adder.
Your bat misses the adder. The adder closely misses your bat.
Your crimson imp closely misses the adder.
Ijyb hits your white imp with a dagger.
Your bat barely misses the adder.
Your white imp barely misses Ijyb.
Your bat misses the adder. The adder barely misses your bat.
Your crimson imp hits the adder but does no damage.
Something closely misses your white imp.
Your bat hits the adder. The adder bites your bat.
Your bat dies!
Your bat's corpse disappears in a puff of smoke!
* * * LOW HITPOINT WARNING * * *
You feel sick.
* * * LOW HITPOINT WARNING * * *
You feel sick.
You die...

###.#.#....#
.....
#.#.#....#
#...
#5#.#....#
..
#h#.###### .
#g#.# #.#.#
#.#.######
#5#......#
#5# #@# #S#
#.# #ยง# #S#
#.# #.#
#.######.#
#.55.....#
##########


You could see an adder.

Vanquished Creatures
  A dart slug (D:2)
  A giant gecko (D:2)
  A hobgoblin (D:1)
3 creatures vanquished.

Vanquished Creatures (collateral kills)
  An adder (D:2)
  3 dart slugs (D:1)
  A giant gecko (D:1)
  A ball python (D:2)
  A bat (D:1)
  3 goblins
  A hobgoblin (D:1)
  4 kobolds
  A rat (D:1)
16 creatures vanquished.

Grand Total: 19 creatures vanquished

Notes
Turn   | Place    | Note
--------------------------------------------------------------
     0 | D:1      | kosy22 the Tengu Summoner began the quest for the Orb.
     0 | D:1      | Reached XP level 1. HP: 10/10 MP: 4/4
   207 | D:1      | Reached skill level 5 in Summonings
   418 | D:1      | Reached XP level 2. HP: 15/15 MP: 4/6
   422 | D:1      | Learned a level 2 spell: Call Imp
   712 | D:2      | Noticed Ijyb
   850 | D:2      | Reached XP level 3. HP: 8/19 MP: 4/7
   880 | D:2      | Found a faded altar to an unknown god.
   880 | D:2      | Noticed Natasha
   953 | D:2      | Succumbed to an adder's poison

Skill      XL: |  1 |
---------------+----+-----
Summonings     | 5 |  5.3
Dodging        | |  2.5
Stealth        | |  2.0
Spellcasting   | |  2.4

Action                   || total
-------------------------++-------
Melee: Unarmed           ||    28
       Kick              ||     5
       Peck              ||     1
 Cast: Summon Small Mamm ||    26
       Call Imp          ||    12
  Use: Scroll            ||     3
 Stab: Sleeping          ||     1
  Eat: Chunk             ||     1
Armor: Robe              ||    16
Dodge: Dodged            ||    48
